 Dungeon Crawl Stone Soup version 0.28.0-53-g5a82cb258f (webtiles) character file.

Game seed: 1616281068785623654

156 MiltankisOP the Skirmisher (level 5, -4/55 HPs)
             Began as an Ogre Gladiator on July 10, 2022.
             Slain by a centaur (5 damage)
             ... on level 3 of the Dungeon.
             The game lasted 00:03:53 (3022 turns).

MiltankisOP the Skirmisher (Ogre Gladiator)         Turns: 3022, Time: 00:03:53

Health: -4/55      AC:  5    Str: 20    XL:     5   Next: 37%
Magic:  5/5        EV: 10    Int:  9    God:
Gold:   117        SH:  0    Dex: 10    Spells: 4/4 levels left

rFire   . . .      SeeInvis .   o - +1 flail (holy)
rCold   . . .      Faith    .   (no shield)
rNeg    . . .      Spirit   .   b - +0 robe
rPois   .          Reflect  .   c - +0 hat
rElec   .          Harm     .   m - +1 cloak
rCorr   .          Rampage  .   (gloves unavailable)
Will    .....                   (boots unavailable)
Stlth   +.........              (no amulet)
HPRegen 0.18/turn               (no ring)
MPRegen 0.09/turn               (no ring)

@: no status effects
A: large, unfitting armour, tough skin 1
a: no special abilities


You were on level 3 of the Dungeon.
You visited 1 branch of the dungeon, and saw 3 of its levels.

You collected 117 gold pieces.

Inventory:

Hand Weapons
 a - a +0 flail
 o - a +1 flail of holy wrath (weapon)
Missiles
 d - 3 throwing nets (quivered)
Armour
 b - a +0 robe (worn)
 c - a +0 hat (worn)
 m - a +1 cloak (worn)
Scrolls
 g - a scroll of magic mapping {unknown}
 h - a scroll of teleportation {unknown}
 i - 4 scrolls of vulnerability {unknown}
 j - a scroll of immolation {unknown}
 l - a scroll of enchant weapon {unknown}
 n - 2 scrolls of identify {unknown}
 p - a scroll of blinking {unknown}
 q - a scroll of enchant armour {unknown}
Potions
 e - a potion of haste {unknown}
 f - a potion of resistance {unknown}
 k - a potion of cancellation {unknown}


   Skills:
 + Level 4.6 Fighting
 * Level 4.6 Maces & Flails
 - Level 2.0 Throwing
 - Level 2.6 Dodging


You had 4 spell levels left.
You didn't know any spells.
Your spell library contained the following spells:

 Spells                   Type           Power      Damage    Failure   Level
 Animate Skeleton         Necr           0%         N/A       38%         1
 Pain                     Necr           0%         1d4       38%         1
 Vampiric Draining        Necr           0%         2d6       77%         3
 Fireball                 Conj/Fire      0%         3d3       100%        5
 Starburst                Conj/Fire      0%         6d3       100%        6
 Ignition                 Fire           0%         3d3       100%        8


Dungeon Overview and Level Annotations

Branches:
Dungeon (3/15)

Altars:


Innate Abilities, Weirdness & Mutations

You are too large for most types of armour.
You have tough skin. (AC +1)


Message History

The centaur kicks you but does no damage.
The centaur hits you. The centaur kicks you.
You hit the centaur.
The centaur is lightly wounded.
The centaur hits you.
* * * LOW HITPOINT WARNING * * *
The centaur barely misses you. The centaur hits you.
* * * LOW HITPOINT WARNING * * *
The centaur barely misses you.
You hit the centaur.
The centaur is moderately wounded.
The centaur hits you.
* * * LOW HITPOINT WARNING * * *
The centaur kicks you.
* * * LOW HITPOINT WARNING * * *
The centaur closely misses you. x2
You hit the centaur but do no damage.
The centaur is moderately wounded.
The centaur hits you but does no damage.
The centaur kicks you.
* * * LOW HITPOINT WARNING * * *
The centaur hits you but does no damage.
The centaur kicks you.
* * * LOW HITPOINT WARNING * * *
You hit the centaur.
The centaur is heavily wounded.
The centaur hits you.
* * * LOW HITPOINT WARNING * * *
The centaur kicks you but does no damage.
You sock the centaur!
The centaur is almost dead.
The centaur barely misses you. x2; The centaur closely misses you.
The centaur kicks you.
* * * LOW HITPOINT WARNING * * *
You barely miss the centaur.
The centaur is almost dead.
The centaur closely misses you.
The centaur kicks you but does no damage.
The centaur hits you.
You die...

#.........###. ########..# ##
#†.# ####### #..# ####
#.....#####..#### #...
#................ # #...
#......####..##..
#.##...###......####..##<.
......c@...(............
##!...##......#####.##.#
#....##......# #.##.#
#....#######.# #.##.# #######
####..)......# #.##.# #.....#
########### #(##.# #.....#
#.##.#
#.....#####################....#
#...............................


You could see a centaur.

Vanquished Creatures
  An orc priest (D:3)
  Terence (D:2)
  4 adders
  2 dart slugs
  3 orcs (D:3)
  9 endoplasms
  3 giant cockroaches (D:1)
  2 hobgoblins (D:3)
  4 jackals (D:3)
  2 quokkas
  4 ball pythons
  4 bats
  3 frilled lizards
  2 goblins (D:1)
  8 kobolds
  5 rats (D:1)
57 creatures vanquished.

Notes
Turn   | Place    | Note
-------+----------+-------------------------------------------
     0 | D:1      | MiltankisOP the Ogre Gladiator began the quest for the Orb.
     0 | D:1      | Reached XP level 1. HP: 22/22 MP: 1/1
   264 | D:1      | Reached XP level 2. HP: 31/31 MP: 2/2
   842 | D:1      | Reached XP level 3. HP: 34/37 MP: 3/3
  1247 | D:2      | Noticed Terence
  1256 | D:2      | Killed Terence
  1492 | D:2      | Reached XP level 4. HP: 43/48 MP: 4/4
  2037 | D:2      | Found a faded altar of an unknown god.
  2893 | D:3      | Reached XP level 5. HP: 55/55 MP: 5/5
  2988 | D:3      | Noticed a centaur
  3020 | D:3      | HP: 2/55 [centaur (1)]
  3022 | D:3      | Slain by a centaur

Illustrated notes

Levels and vault maps discovered:
D:1:      kennysheep_arrival_seaside, layout_loops_ring, minmay_close_crescents
D:2:      layout_basic, dreamdust_ecumenical_altar_angels_and_demons,
          minmay_heptomino_o4, uniq_terence
D:3:      layout_basic, kennysheep_generic_room_6

Skill      XL: |  1  2  3  4 |
---------------+-------------+-----
Fighting       | 3 4 |  4.6
Maces & Flails | 3 4 |  4.6
Throwing       | |  2.0
Dodging        | |  2.6

Action                   |  1- 3 |  4- 6 || total
-------------------------+-------+-------++-------
Melee: Flail             |    79 |   112 ||   191
       Punch             |       |     1 ||     1
 Stab: Sleeping          |     1 |       ||     1
Armor: Robe              |    28 |    46 ||    74
Dodge: Dodged            |    59 |    75 ||   134
